 Dungeon Crawl Stone Soup version 0.26-a0-812-g31a745ddcd (webtiles) character file.

Game seed: 9034763096183426069

5 dracos369 the Caller (level 1, -4/16 HPs)
             Began as a Demonspawn Wanderer on Nov 19, 2020.
             Slain by a kobold
             ... wielding a +0 whip
              (7 damage)
             ... on level 1 of the Dungeon.
             The game lasted 00:01:10 (62 turns).

dracos369 the Caller (Demonspawn Wanderer)            Turns: 62, Time: 00:01:11

Health: -4/16      AC:  2    Str: 13    XL:     1   Next: 66%
Magic:  2/2        EV: 11    Int: 14    God:
Gold:   0          SH:  0    Dex: 10    Spells: 2/2 levels left

rFire    . . .     SeeInvis .   a - +0 shortbow
rCold    . . .     Faith    .   (shield currently unavailable)
rNeg     . . .     Spirit   .   e - +0 robe
rPois    .         Reflect  .   (no helmet)
rElec    .         Harm     .   (no cloak)
rCorr    .         Rampage  .   (no gloves)
MR       .....                  (no boots)
Stlth    +.........             (no amulet)
HPRegen  0.05/turn              (no ring)
MPRegen  0.08/turn              (no ring)

@: no status effects
A: no striking features
a: no special abilities


You were on level 1 of the Dungeon.
You visited 1 branch of the dungeon, and saw 1 of its levels.

Inventory:

Hand Weapons
 a - a +0 shortbow (weapon)
Missiles
 d - 2 arrows (quivered)
Armour
 e - a +0 robe (worn)


   Skills:
 - Level 2.0 Fighting
 - Level 1.7 Bows
 - Level 1.7 Throwing
 - Level 1.0 Armour
 + Level 1.1 Spellcasting
   Level 2.0 Summonings
   Level 1.0 Transmutations


You had 2 spell levels left.
You didn't know any spells.
Your spell library contained the following spells:

 Spells                   Type           Power        Failure   Level
 Call Imp                 Summ           #.......     17%         2
 Sting                    Tmut/Pois      #...         22%         1
 Magic Dart               Conj           #...         26%         1
 Blink                    Tloc           N/A          36%         2
 Slow                     Hex            #.......     36%         2
 Spider Form              Tmut/Pois      #.........   54%         3
 Conjure Flame            Conj/Fire      #.......     61%         3
 Mephitic Cloud           Conj/Pois/Air  #.......     61%         3


Dungeon Overview and Level Annotations

Branches:
Dungeon (1/15)

Altars:


Message History

You kill the hobgoblin!
Your Spellcasting skill increases to level 1!
The giant cockroach closely misses you.
Firing (i - inventory)
d - 5 arrows (quivered)
Press: ? - help, Shift-Dir - straight line, f - giant cockroach
Aim: a giant cockroach (moderately wounded)
You shoot an arrow. The arrow hits the giant cockroach.
You kill the giant cockroach!
Firing (i - inventory)
d - 4 arrows (quivered)
Press: ? - help, Shift-Dir - straight line, f - kobold
Aim: a kobold, wielding a +0 whip You shoot an arrow.
The arrow closely misses the kobold.
The kobold hits you with a +0 whip.
* * * LOW HITPOINT WARNING * * *
Firing (i - inventory)
d - 3 arrows (quivered)
Press: ? - help, Shift-Dir - straight line, f/p - kobold
Aim: a kobold, wielding a +0 whip You shoot an arrow.
The arrow closely misses the kobold.
The kobold hits you with a +0 whip!
You die...

.......#..#
.......(..####.
(.....(........
.....(......###
.........##.#
g.....#.....#
......#(.##..#
.....##K###+##
.....#.@.#...#
.....#...#≈.≈#
#### #...#≈.≈#
≈# #...#≈.≈#
§≈#
#...#≈.≈#≈§.#
#...#≈.≈#≈..#
#...#...#...#
#...........#
#...........#


You could see a kobold.

Vanquished Creatures
  2 giant cockroaches (D:1)
  A hobgoblin (D:1)
  2 rats (D:1)
5 creatures vanquished.

Notes
Turn   | Place    | Note
-------+----------+-------------------------------------------
     0 | D:1      | dracos369 the Demonspawn Wanderer began the quest for the
                  | Orb.
     0 | D:1      | dracos369 set off with the following items: a +0 shortbow,
                  | 25 arrows, a +0 robe; and the following spells available to
                  | memorise: Call Imp, Sting, Magic Dart, Blink, Slow, Spider
                  | Form, Conjure Flame, Mephitic Cloud
     0 | D:1      | Reached XP level 1. HP: 16/16 MP: 1/1
    59 | D:1      | Reached skill level 1 in Spellcasting
    62 | D:1      | Slain by a kobold

Illustrated notes

Levels and vault maps discovered:
D:1:      lightli_arrival_quake, layout_rooms, hangedman_decor_clover_reticule,
          hex_tiny, chequers_serial_rivers_micro_e, minmay_misc_feat_encased

Skill      XL: |  1 |
---------------+----+-----
Spellcasting   | 1 |  1.1
Fighting       | |  2.0
Bows           | |  1.7
Throwing       | |  1.7
Armour         | |  1.0
Summonings     | |  2.0
Transmutations | |  1.0

Action                   || total
-------------------------++-------
 Fire: Shortbow          ||    25
Armor: Robe              ||     5
Dodge: Dodged            ||    23

Table legend: (Time is in decaauts)
 A = Elapsed time spent in this place.
 B = Non-inter-level travel time spent in this place.
 C = Inter-level travel time spent in this place.
 D = Time resting spent in this place.
 E = Time spent auto-exploring this place.
 F = Levels seen in this place.
 G = Mean time per level.
                   A        B        C        D        E       F      G
               +--------+--------+--------+--------+--------+-----+--------+
         Total |     66 |     66 |      0 |      0 |     16 |   1 |   66.0 |
       Dungeon |     66 |     66 |      0 |      0 |     16 |   1 |   66.0 |
               +--------+--------+--------+--------+--------+-----+--------+

Top non-repeatable levels by time:
     D:1: 66 daAuts
